 Dungeon Crawl Stone Soup version 0.27-a0-1065-ge809cff (webtiles) character file.

Game seed: 13836903634926740558

2511 GeorgeSoros the Nimble (level 9, -8/39 HPs)
             Began as a Spriggan Conjurer on Apr 19, 2021.
             Was a Follower of Dithmenos.
             Splashed by an acid dragon's acid (13 damage)
             ... on level 8 of the Dungeon on Apr 22, 2021.
             The game lasted 00:48:14 (10739 turns).

GeorgeSoros the Nimble (Spriggan Conjurer)         Turns: 10739, Time: 00:48:14

Health: -8/39      AC: -1    Str:  9    XL:     9   Next: 28%
Magic:  23/23      EV: 23    Int: 20    God:    Dithmenos [*.....]
Gold:   375        SH:  0    Dex: 16    Spells: 9/14 levels left

rFire    + . .     SeeInvis +   b - +2 shortbow "Ogrebane" {flame, rF+ Str+3 Dex+3}
rCold    . . .     Faith    .   (shield currently unavailable)
rNeg     . . .     Spirit   .   e - +1 robe
rPois    .         Reflect  .   (helmet restricted)
rElec    .         Harm     .   (no cloak)
rCorr    .         Rampage  .   (gloves unavailable)
Will     +....                  (boots unavailable)
Stlth    ++++......             n - amulet of magic regeneration
HPRegen  0.13/turn              w - ring of magical power
MPRegen  0.43/turn              (no ring)

@: corroded, wreathed by umbra, very quick
A: very small, no large weapons, unfitting armour, see invisible, speed 3
a: Renounce Religion


You were on level 8 of the Dungeon.
You worshipped Dithmenos.
Dithmenos was aware of your devotion.
You visited 2 branches of the dungeon, and saw 9 of its levels.

You collected 375 gold pieces.

Inventory:

Hand Weapons
 b - the +2 shortbow "Ogrebane" (weapon) {flame, rF+ Str+3 Dex+3}
   (You acquired it on level 2 of the Dungeon)

   It causes projectiles fired from it to burn those they strike, causing extra
   injury to most foes and up to half again as much damage against particularly
   susceptible opponents.
   It affects your strength (+3).
   It affects your dexterity (+3).
   It protects you from fire.
 c - a +1 dagger
Missiles
 k - 87 arrows (quivered ammo)
Armour
 e - a +1 robe (worn)
 g - a +0 buckler
Magical Staves
 a - a staff of conjuration
Jewellery
 n - an amulet of magic regeneration (around neck)
 r - the amulet of Ronuleta {RegenMP Rampage Str-4 Int+4 Stlth+}
   (You found it on level 4 of the Dungeon)

   [amulet of magic regeneration]

   It increases your rate of magic regeneration.
   It affects your strength (-4).
   It affects your intelligence (+4).
   It bestows one free step when moving towards enemies.
   It makes you more stealthy.
 w - a ring of magical power (left hand)
Wands
 o - a wand of flame (9)
 x - a wand of acid (9)
Scrolls
 q - a scroll of teleportation
 y - a scroll of magic mapping
 A - a scroll of fog
Potions
 d - 2 potions of curing
 f - a potion of attraction
 h - a potion of resistance
 i - a potion of cancellation
 j - 2 potions of might {unknown}
 l - a potion of berserk rage {unknown}
 m - 3 potions of heal wounds {unknown}
 p - a potion of mutation {unknown}
 s - a potion of haste {unknown}
 t - 2 potions of lignification {unknown}
 u - 2 potions of brilliance {unknown}
 v - a potion of flight {unknown}
 z - 2 potions of ambrosia {unknown}


   Skills:
 - Level 1.8 Short Blades
 + Level 7.6 Bows
 + Level 9.5 Dodging
 - Level 7.0 Stealth
 - Level 3.0 Spellcasting
 * Level 3.4 Conjurations
 - Level 9.0 Translocations


You had 9 spell levels left.
You knew the following spells:

 Your Spells              Type           Power      Damage    Failure   Level
a - Magic Dart            Conj           64%        1d6       3%          1
b - Iskenderun's Mystic   Conj/Tloc      27%        2d7       11%         4

Your spell library contained the following spells:

 Spells                   Type           Power      Damage    Failure   Level
 Gell's Gravitas          Tloc           19%        N/A       1%          3
 Searing Ray              Conj           32%        3d4       5%          2
 Dazzling Flash           Conj/Hex       18%        N/A       22%         3
 Confusing Touch          Hex            3%         N/A       38%         3
 Fulminant Prism          Conj/Hex       4%         3d6       56%         4
 Petrify                  Tmut/Erth      3%         N/A       80%         4
 Metabolic Englaciation   Hex/Ice        1%         N/A       98%         5
 Yara's Violent Unravell  Hex/Tmut       1%         3d3       98%         5


Dungeon Overview and Level Annotations

Branches:
Dungeon (8/15)             Temple (1/1) D:6
   Lair: D:8-11

Altars:
Ashenzari
Dithmenos
Fedhas
Gozag
Hepliaklqana
Kikubaaqudgha
Makhleb
Nemelex Xobeh
Okawaru
Qazlal
Ru
Sif Muna
Trog
Uskayaw
Vehumet
Xom
Yredelemnul
Zin
The Shining One

Shops:
D:7 (


Innate Abilities, Weirdness & Mutations

You are very small and have problems with some larger weapons.
You are too small for most types of armour.
You have supernaturally acute eyesight. (SInv)
You cover ground extremely quickly. (Speed+++)


Message History

The acid dragon roars!
The arrow hits the acid dragon!
The arrow burns the acid dragon.
The acid dragon is heavily wounded.
You hear a shout!
An orc comes into view. It is wielding a +0 whip.
You shoot an arrow.
The arrow closely misses the acid dragon.
The acid dragon spits acid at you. The splash of acid hits you!
You are splashed with acid!
You close the door, pushing everything out of the way.
Things that are here:
a +0 dagger; a +0 robe of willpower; an orc corpse
Things that are here:
a +0 dagger; a +0 hand axe; an orc corpse
Things that are here:
a +0 club; a +0 mace; an orc corpse
There is a stone staircase leading up here.
You climb upwards.
There is a stone staircase leading down here.
You start resting.
HP restored.
You climb downwards.
There is a stone staircase leading up here.
Things that are here:
a +0 hand axe; a +0 dagger; an orc corpse
Things that are here:
a +0 robe of willpower; a +0 dagger; an orc corpse
k - 87 arrows (gained 2)
Things that are here:
a +0 robe; a +0 dagger You open the door.
The orc shouts!
There are monsters nearby!
The acid dragon spits acid at you. The splash of acid hits you!
The acid corrodes you!
You are splashed with acid!
The acid dragon spits acid at you. The splash of acid hits you!!
* * * LOW HITPOINT WARNING * * *
You are splashed with acid!
You die...

########### ###.........#
#.....[.....#
#.###.######.# #
##.###.#[###### #.
#.......)....##### #.#
##.#....[#..).....####
#.###.###...@#.##.###....##
#...#####.#.#.##.###.....#
##....).....#[##......<..#
###.######[###)######....>#
#...# #D# #....[......##
#####.#### o(.
##########.## #........#
.(... #.# #.##..##.#
..(.... #.#
#.#...##.#....$.... #.#


You could see an acid dragon (catching breath) and an orc.

Vanquished Creatures
  A kobold demonologist (D:7)
  Prince Ribbit (D:6)
  Sigmund (D:3)
  2 orc warriors
  A black bear (D:6)
  3 ogres
  A centaur (D:7)
  3 phantoms
  A bullfrog (D:7)
  A scorpion (D:6)
  A wyvern skeleton (D:7)
  A howler monkey (D:5)
  A centaur zombie (D:8)
  An orc priest (D:6)
  A jelly (D:5)
  A bullfrog skeleton (D:4)
  A gnoll shaman (D:7)
  5 hounds
  2 iguanas (D:5)
  Jessica (D:3)
  Ijyb (D:2)
  4 orc wizards
  4 hound skeletons
  Robin (D:3)
  4 gnolls (D:7)
  11 adders
  3 white imps
  2 worms
  3 dart slugs
  23 orcs
  8 bats
  12 endoplasms
  2 giant cockroaches
  13 goblins
  6 hobgoblins
  11 jackals
  9 kobolds
  8 quokkas
  7 ball pythons
  3 frilled lizards
  9 rats
174 creatures vanquished.

Vanquished Creatures (others)
  15 fungi (D:6)
15 creatures vanquished.

Grand Total: 189 creatures vanquished

Notes
Turn   | Place    | Note
-------+----------+-------------------------------------------
     0 | D:1      | GeorgeSoros the Spriggan Conjurer began the quest for the
                  | Orb.
     0 | D:1      | Reached XP level 1. HP: 9/9 MP: 5/5
     9 | D:1      | You fall into a shaft and drop 1 floor!
   140 | D:2      | Noticed a hound
   466 | D:1      | Reached XP level 2. HP: 13/13 MP: 4/7
  1179 | D:1      | Found a faded altar of an unknown god.
  1415 | D:2      | Reached skill level 1 in Short Blades
  1421 | D:2      | Reached XP level 3. HP: 16/16 MP: 0/8
  1906 | D:2      | Found an opulent altar of Gozag.
  2025 | D:1      | Reached XP level 4. HP: 13/21 MP: 6/9
  2030 | D:1      | Learned a level 4 spell: Iskenderun's Mystic Blast
  2520 | D:2      | Reached skill level 1 in Translocations
  2569 | D:2      | Identified a scroll of acquirement
  2569 | D:2      | Acquired the +2 shortbow "Ogrebane" {flame, rF+ Str+3
                  | Dex+3}
  2660 | D:2      | Reached skill level 5 in Stealth
  2881 | D:3      | Noticed Sigmund
  2881 | D:3      | Noticed Ijyb
  3064 | D:3      | Found a shimmering blue altar of Sif Muna.
  3279 | D:2      | Killed Ijyb
  3280 | D:2      | Reached skill level 1 in Bows
  3280 | D:2      | Reached XP level 5. HP: 22/24 MP: 7/10
  3415 | D:3      | Noticed Jessica
  3417 | D:3      | Killed Jessica
  3434 | D:3      | Found a sacrificial altar of Ru.
  3487 | D:3      | Noticed Robin
  3704 | D:3      | Killed Sigmund
  3705 | D:3      | Reached skill level 5 in Dodging
  3705 | D:3      | Reached XP level 6. HP: 12/28 MP: 11/11
  3993 | D:3      | Found a hide-covered altar of Uskayaw.
  4165 | D:3      | Killed Robin
  4538 | D:4      | Found a glowing silver altar of Zin.
  4861 | D:4      | Reached XP level 7. HP: 32/32 MP: 12/12
  5278 | D:4      | Identified the amulet of Ronuleta {RegenMP Rampage Str-4
                  | Int+4 Stlth+}
  5505 | D:4      | Reached skill level 5 in Translocations
  5789 | D:5      | Entered Level 5 of the Dungeon
  6087 | D:5      | Found a broken altar of Ashenzari.
  6403 | D:5      | Reached XP level 8. HP: 36/36 MP: 7/13
  6422 | D:5      | Reached skill level 5 in Bows
  6800 | D:5      | Upgraded the game from 0.27-a0-1046-g98bf315 to
                  | 0.27-a0-1065-ge809cff
  6858 | D:6      | Found a staircase to the Ecumenical Temple.
  6867 | Temple   | Entered the Ecumenical Temple
  7101 | Temple   | Became a worshipper of Dithmenos the Shadowed
  8403 | D:6      | Noticed Prince Ribbit
  8455 | D:6      | Killed Prince Ribbit
  8908 | D:7      | Noticed a kobold demonologist
  8950 | D:7      | Killed a kobold demonologist
  9251 | D:7      | Reached * piety under Dithmenos
  9355 | D:7      | Found Curgh's Antique Weapon Shop.
  9366 | D:7      | Reached XP level 9. HP: 39/39 MP: 14/14
 10739 | D:8      | Splashed by an acid dragon's acid

Illustrated notes

Levels and vault maps discovered:
D:1:      onia_arrival_pyramid, layout_loops_corners,
          shapermc_ecumenical_altar_hornbeckon
D:2:      layout_rooms, basic_altar, minmay_tetromino_s4
D:3:      layout_rooms, lemuel_doored_altar, general_overflow_altar,
          nicolae_overflow_crystal_walls, uniq_jessica, uniq_robin,
          uniq_sigmund, uniq_ijyb
D:4:      minmay_inner_zag, layout_gridville, zin_academy
D:5:      layout_loops_ring, evilmike_ruin_ashenzari
D:6:      layout_basic, minmay_temple_entry_slanted, serial_aquarium,
          aquarium_bridge_square [aquarium_subvault_bridge,
          aquarium_subvault_window, aquarium_subvault_bridge,
          aquarium_subvault_wall], aquarium_window_2, aquarium_window_3,
          aquarium_view_2c, aquarium_balcony_5a, uniq_prince_ribbit1
D:7:      minmay_klotski, layout_loops_ring, serial_shops, kennysheep_mini_moat
D:8:      layout_loops_corners, kb_rosetta
Temple:   regret_index_temple_generic_petals

Skill      XL: |  1  2  3  4  5  6  7  8  9 |
---------------+----------------------------+-----
Dodging        | 3 4 5 7 9 |  9.5
Spellcasting   | 3 |  3.0
Short Blades   | 1 |  1.8
Stealth        | 4 5 6 7 |  7.0
Translocations | 2 3 4 6 8 9 |  9.0
Bows           | 1 2 3 4 7 |  7.6
Conjurations   | 3 |  3.4

Action                   |  1- 3 |  4- 6 |  7- 9 || total
-------------------------+-------+-------+-------++-------
Melee: Staff             |       |    11 |       ||    11
 Fire: Shortbow          |       |    38 |   210 ||   248
 Cast: Magic Dart        |    82 |   149 |   160 ||   391
Evoke: Wand              |       |       |     5 ||     5
  Use: Scroll            |     1 |     1 |    11 ||    13
Armor: Robe              |     6 |     5 |     3 ||    14
Dodge: Dodged            |    21 |    45 |    31 ||    97

Table legend: (Time is in decaauts)
 A = Elapsed time spent in this place.
 B = Non-inter-level travel time spent in this place.
 C = Inter-level travel time spent in this place.
 D = Time resting spent in this place.
 E = Time spent auto-exploring this place.
 F = Levels seen in this place.
 G = Mean time per level.
                   A        B        C        D        E       F      G
               +--------+--------+--------+--------+--------+-----+--------+
         Total |   8300 |   7882 |    418 |   1198 |   4903 |   9 |  922.2 |
       Dungeon |   8145 |   7749 |    396 |   1198 |   4787 |   8 | 1018.1 |
        Temple |    155 |    134 |     21 |      0 |    115 |   1 |  155.0 |
               +--------+--------+--------+--------+--------+-----+--------+

Top non-repeatable levels by time:
     D:1: 1285 daAuts
     D:2: 1244 daAuts
     D:7: 1140 daAuts
     D:5: 1070 daAuts
     D:6: 1058 daAuts
     D:4: 1056 daAuts
     D:3: 1047 daAuts
     D:8: 241 daAuts
  Temple: 155 daAuts
